 Dungeon Sprint DCSS version 0.19.1-1-g22dce08 (webtiles) character file.

1032 snakesoliden the Martial Artist (level 8, 0/69 HPs)
             Began as a Demonspawn Monk on Dec 28, 2016.
             Was a High Priest of Jiyva.
             Slain by a centaur warrior (15 damage)
             ... in the Dungeon (Sprint I: "Red Sonja").
             The game lasted 00:04:58 (468 turns).

snakesoliden the Martial Artist (Demonspawn Monk)    Turns: 468, Time: 00:04:58

Health: 0/69       AC:  3    Str: 11    XL:     8   Next: 3%
Magic:  6/8        EV: 19    Int: 12    God:    Jiyva [*****.]
Gold:   280        SH:  0    Dex: 18    Spells: 0 memorised, 7 levels left

rFire  . . .     SeeInvis .       - Unarmed
rCold  . . .     Gourm    .     e - +1 robe {MR+}
rNeg   . . .     Faith    .     (no shield)
rPois  .         Spirit   .     (no helmet)
rElec  .         Reflect  .     (no cloak)
rCorr  +         Harm     .     (no gloves)
MR     +....     NoTele   +     (no boots)
Stlth  +.........               (no amulet)
                                (no ring)
                                (no ring)

@: exhausted, slowed, very slow
A: hooves 1, sturdy frame 1
a: Request Jelly, Slimify, Cure Bad Mutation, Renounce Religion


You were in the Dungeon.
You worshipped Jiyva.
Jiyva was extremely pleased with you.
You were completely stuffed.

You visited 1 branch You collected 280 gold pieces.

Inventory:

Armour
 e - a +1 robe of magic resistance (worn)
Scrolls
 h - a scroll of blinking
Potions
 c - a potion of curing
 d - a potion of brilliance {unknown}
 f - 2 potions of magic
Comestibles
 b - a bread ration


   Skills:
 * Level 8.6 Fighting
 * Level 8.9 Dodging
 - Level 1.7 Stealth
 * Level 11.8 Unarmed Combat


You had 7 spell levels left.
You didn't know any spells.

Dungeon Overview and Level Annotations

Branches:
Dungeon (1/1)

Altars:
Cheibriados
Dithmenos
Fedhas
Gozag
Hepliaklqana
Kikubaaqudgha
Makhleb
Okawaru
Qazlal
Ru
Sif Muna
Trog
Uskayaw
Vehumet
Xom
Yredelemnul
Zin
Jiyva
Lugonu

Shops:
D (


Innate Abilities, Weirdness & Mutations

You have large cloven feet.
Your movements are slightly less encumbered by armour. (ER -2)


Message History

The centaur warrior barely misses you.
The centaur warrior unwields an uncursed shortbow.
The centaur warrior barely misses you. The centaur warrior hits you!
The centaur warrior hits you with an enchanted longbow!
The centaur warrior barely misses you.
You hit the centaur warrior.
You kick the centaur warrior, but do no damage.
You punch the centaur warrior.
The centaur warrior is lightly wounded.
The centaur warrior completely misses you.
The centaur warrior barely misses you.
The centaur warrior hits you with an enchanted longbow!
You fail to use your ability.
The centaur warrior completely misses you.
The centaur warrior closely misses you. The centaur warrior misses you.
The centaur warrior hits you!
* * * LOW HITPOINT WARNING * * *
Your unstable footing causes you to fumble your attack.
The centaur warrior barely misses you. The centaur warrior hits you!
You die...

##########################
#<.#..'..#..'..#__#.))...#
#..'..#..'..#..'.....#...#
#..#####'#####'#__####...+
#..# #..#..J#.####§.#####
#..# _####..##.#§c§§.#
#..# ____##'#...@c§§§
#⌠⌠#_.∩...'§.J_#§§§§§#
####_..__##_.#'##§####


____ ##+#.# ... ### ### §### .. ## You could see 2 centaur warriors and a
neutral slime creature (fellow slime).

Vanquished Creatures
  2 kobold demonologists (D)
  A slime creature (D)
  Sigmund (D)
  An ogre (D)
  Ijyb (D)
6 creatures vanquished.

Vanquished Creatures (others)
  A yak (D)
  A floating eye (D)
  4 jellies (D)
6 creatures vanquished.

Grand Total: 12 creatures vanquished

Notes
Turn   | Place    | Note
-------+----------+-------------------------------------------
     0 | D        | snakesoliden the Demonspawn Monk began the quest for the Orb.
     0 | D        | Reached XP level 1. HP: 18/18 MP: 1/1
     2 | D        | Noticed Ijyb
    37 | D        | Killed Ijyb
    37 | D        | Reached skill level 4 in Unarmed Combat
    37 | D        | Gained mutation: Your movements are slightly less encumbered by armour. (ER -2) [demonic ancestry]
    37 | D        | Reached XP level 2. HP: 19/25 MP: 2/2
   107 | D        | Noticed an ogre
   127 | D        | Killed an ogre
   127 | D        | Reached skill level 5 in Fighting
   127 | D        | Reached skill level 5 in Dodging
   127 | D        | Reached skill level 6 in Unarmed Combat
   127 | D        | Reached XP level 3. HP: 34/34 MP: 3/3
   127 | D        | Reached XP level 4. HP: 40/40 MP: 4/4
   136 | D        | Noticed Sigmund
   157 | D        | Killed Sigmund
   157 | D        | Reached skill level 8 in Unarmed Combat
   157 | D        | Reached XP level 5. HP: 30/47 MP: 5/5
   157 | D        | Reached XP level 6. HP: 33/53 MP: 6/6
   270 | D        | Found a burning altar of Makhleb.
   270 | D        | Found a viscous altar of Jiyva.
   270 | D        | Found a shimmering altar of Xom.
   270 | D        | Found a corrupted altar of Lugonu.
   270 | D        | Noticed a slime creature
   290 | D        | Killed a slime creature
   290 | D        | Reached skill level 9 in Unarmed Combat
   298 | D        | Became a worshipper of Jiyva Jarram the Shapeless
   298 | D        | Reached * piety under Jiyva
   298 | D        | Reached ** piety under Jiyva
   300 | D        | Found a deep blue altar of Sif Muna.
   302 | D        | Found a radiant altar of Vehumet.
   307 | D        | Reached *** piety under Jiyva
   311 | D        | Gained mutation: Your rubbery body absorbs attacks. (AC +1, EV +1) [Jiyva's grace]
   323 | D        | Found Zoeppub's Antique Weapon Emporium.
   323 | D        | Found an ancient bone altar of Kikubaaqudgha.
   323 | D        | Found a hazy altar of Hepliaklqana.
   323 | D        | Found a hide-covered altar of Uskayaw.
   323 | D        | Found a basalt altar of Yredelemnul.
   323 | D        | Found an opulent altar of Gozag.
   323 | D        | Found a snail-covered altar of Cheibriados.
   323 | D        | Found a sacrificial altar of Ru.
   323 | D        | Found a shadowy altar of Dithmenos.
   323 | D        | Noticed a yak
   324 | D        | Found a stormy altar of Qazlal.
   324 | D        | Found a blossoming altar of Fedhas.
   324 | D        | Found a bloodstained altar of Trog.
   324 | D        | Found an iron altar of Okawaru.
   324 | D        | Found a glowing silver altar of Zin.
   352 | D        | Reached **** piety under Jiyva
   352 | D        | Lost mutation: Your rubbery body absorbs attacks. (AC +1, EV +1) [Jiyva's grace]
   354 | D        | Killed a yak
   354 | D        | Reached skill level 10 in Unarmed Combat
   354 | D        | Gained mutation: You have large cloven feet. [demonic ancestry]
   354 | D        | Reached XP level 7. HP: 25/61 MP: 7/7
   423 | D        | Noticed a kobold demonologist
   426 | D        | Noticed a kobold demonologist
   427 | D        | Noticed a sixfirhy
   429 | D        | Reached ***** piety under Jiyva
   429 | D        | HP: 4/91 [sixfirhy[a kobold demonologist] (10)]
   430 | D        | Gained mutation: You evolve. [Jiyva's grace]
   433 | D        | Killed a kobold demonologist
   433 | D        | Reached skill level 11 in Unarmed Combat
   440 | D        | Killed a kobold demonologist
   440 | D        | Reached XP level 8. HP: 20/69 MP: 8/8
   454 | D        | Lost mutation: You evolve. [Jiyva's grace]
   462 | D        | Noticed a centaur warrior
   463 | D        | Noticed a deep troll
   464 | D        | Noticed a centaur warrior
   464 | D        | Slimified a deep troll
   464 | D        | Noticed a slime creature
   464 | D        | a deep troll changed into a slime creature
   468 | D        | Slain by a centaur warrior

Skill      XL: |  1  2  3  4  5  6  7 |
---------------+----------------------+-----
Fighting       | 4 5 6 7 8 |  8.6
Dodging        | 4 5 6 7 8 |  8.9
Unarmed Combat | 4 6 8 10 11 | 11.8
Stealth        | |  1.7

Action                   |  1- 3 |  4- 6 |  7- 9 || total
-------------------------+-------+-------+-------++-------
Melee: Unarmed           |    53 |    33 |    16 ||   102
       Punch             |       |     4 |     1 ||     5
       Kick              |       |       |     4 ||     4
Invok: Request Jelly     |       |     2 |       ||     2
       Slimify           |       |       |     1 ||     1
  Use: Potion            |     2 |       |     1 ||     3
 Stab: Sleeping          |     1 |     1 |       ||     2
Armor: Robe              |     4 |       |     3 ||     7
Dodge: Dodged            |    25 |    12 |    16 ||    53
